 Dungeon Crawl Stone Soup version 0.22-a0-348-gd16d139 (webtiles) character file.

14689 Auros the Quickloader (level 11, -10/92 HPs)
             Began as a Minotaur Fighter on Apr 11, 2018.
             Was a High Priest of Okawaru.
             Killed from afar by an ogre mage (28 damage)
             ... with a bolt of lightning
             ... on level 2 of the Orcish Mines.
             The game lasted 00:54:09 (9669 turns).

Auros the Quickloader (Minotaur Fighter)            Turns: 9669, Time: 00:54:09

Health: -10/92     AC: 29    Str: 22      XL:     11   Next: 92%
Magic:  9/13       EV:  6    Int:  7      God:    Okawaru [*****.]
Gold:   444        SH:  0    Dex: 13 (14) Spells: 10/10 levels left

rFire    + . .     SeeInvis +   b - +9 heavy crossbow "Sniper" {velocity, Acc+∞ SInv}
rCold    . . .     Gourm    .   (shield currently unavailable)
rNeg     . . .     Faith    .   L - +6 crystal plate armour of Lilacs {rF+ Regen+ Str+2}
rPois    .         Spirit   .   (helmet restricted)
rElec    .         Reflect  .   (no cloak)
rCorr    .         Harm     .   (no gloves)
MR       .....                  r - +2 pair of boots
Stlth    ..........             (no amulet)
HPRegen  0.65/turn              (no ring)
MPRegen  0.13/turn              (no ring)

@: no status effects
A: retaliatory headbutt, horns 2, iridescent scales 1, clever 1, deterioration
1, screaming 1
a: Heroism, Finesse, Renounce Religion


You were on level 2 of the Orcish Mines.
You worshipped Okawaru.
Okawaru was extremely pleased with you.
You were not hungry.

You visited 3 branches of the dungeon, and saw 12 of its levels.

You collected 444 gold pieces.

Inventory:

Hand Weapons
 a - a +2 flail of holy wrath
 b - the +9 heavy crossbow "Sniper" (weapon) {velocity, Acc+∞ SInv}
   (You found it on level 7 of the Dungeon)

   Any bolt fired from it inflicts extra damage.
   It lets you see invisible.
 d - a +0 shortbow
 m - a +1 flail
 p - a +1 vampiric dagger
 u - a +4 morningstar
 y - a +4 shortbow
 z - a +0 blowgun
 M - a +0 dire flail
Missiles
 g - 407 stones
 n - 27 sling bullets
 s - 2 throwing nets
 t - 29 tomahawks
 v - 143 arrows
 D - 24 bolts (quivered)
 F - 25 poisoned needles
Armour
 c - a +0 shield
 h - a +0 chain mail of cold resistance
 o - a +0 ring mail of fire resistance
 r - a +2 pair of boots (worn)
 C - a +0 plate armour
 K - the +2 leather armour of Jaelairgh {*Slow +Inv rElec Stlth+}
   (You found it on level 9 of the Dungeon)

   It insulates you from electricity.
   It lets you turn invisible.
   It may slow you when you take damage.
   It makes you more stealthy.
 L - the +6 crystal plate armour of Lilacs (worn) {rF+ Regen+ Str+2}
   (Okawaru gifted it to you on level 1 of the Orcish Mines)

   It affects your strength (+2).
   It protects you from fire.
   It increases your rate of regeneration.
Wands
 w - a wand of flame (51)
 E - a wand of iceblast (9)
 G - a wand of enslavement (6)
Scrolls
 e - 5 scrolls of identify
 i - 2 scrolls of teleportation
 k - 5 scrolls of remove curse
 B - a scroll of magic mapping {unknown}
 H - a scroll of fog {unknown}
 I - a scroll of enchant armour {unknown}
Potions
 j - 2 potions of curing {unknown}
 l - a potion of flight
 q - a potion of cancellation {unknown}
 x - a potion of haste
 A - a potion of resistance {unknown}
Comestibles
 f - 11 rations
 J - 18 chunks of flesh


   Skills:
 + Level 7.3 Fighting
 - Level 10.3 Maces & Flails
 + Level 14.2 Crossbows
 - Level 6.2 Armour
 + Level 6.4 Dodging
 + Level 6.5 Shields
 + Level 4.3 Invocations


You had 10 spell levels left.
You didn't know any spells.

Dungeon Overview and Level Annotations

Branches:
Dungeon (9/15)             Temple (1/1) D:4             Orc (2/2) D:9
   Lair: D:8-11         Elf: Orc:2

Altars:
Cheibriados
Elyvilon
Fedhas
Gozag
Hepliaklqana
Kikubaaqudgha
Nemelex Xobeh
Okawaru
Sif Muna
Trog
Xom
Zin
The Shining One

Shops:
Orc:2 }


Innate Abilities, Weirdness & Mutations

You reflexively headbutt those who attack you in melee.
You have a pair of horns on your head.
You are partially covered in iridescent scales. (AC +2)
Your mind is acute. (Int +2)
Your body sometimes deteriorates upon taking damage.
You occasionally shout uncontrollably at your foes.


Message History

The ogre mage hits you but does no damage. x2
The ogre hits you with a giant club. The ogre mage closely misses you.
Firing (i - inventory. (/) - cycle)
D - 25 bolts (quivered)
Press: ? - help, Shift-Dir - straight line, f/p - ogre mage
Aim: an ogre mage, wielding a halberd and wearing a robe (lightly wounded, fast)
You shoot a bolt. The bolt hits the ogre mage!!
The ogre mage is severely wounded.
The ogre mage hits you but does no damage.
The ogre barely misses you.
The ogre mage casts a spell at the ogre.
The ogre seems to speed up.
The ogre hits you with a giant club!
* * * LOW HITPOINT WARNING * * *
Firing (i - inventory. (/) - cycle)
D - 24 bolts (quivered)
Press: ? - help, Shift-Dir - straight line, f - you, p - ogre mage
Okay, then.
The ogre mage hits you but does no damage.
The ogre hits you but does no damage.
The ogre mage gestures at you while chanting.
The bolt of lightning hits you!
You die...

....$.........
.#.. ..(.......
.....$.).......
..... ...(.....
...∩...(..(....
......#O(.....$
.......)O($....
.......@.......
#..##.(..#.##..
######


You could see an ogre mage and an ogre.

Vanquished Creatures
  Josephine (Orc:1)
  2 ogre magi (Orc:2)
  7 two-headed ogres
  The ghost of NervFog the Zephyrmancer, a journeyman TeAE of Vehumet (D:9)
  A merfolk (D:9)
  Grinder (D:4)
  The ghost of BaronVonScrub the Archer, an amateur CeHu (D:5)
  Sigmund (D:6)
  5 yaks
  3 wraiths
  Eustachio (D:6)
  2 hungry ghosts
  A warg (Orc:1)
  3 sky beasts
  An ice beast (D:6)
  A phantom (D:3)
  4 orc warriors
  15 ogres
  6 centaurs
  2 big kobolds (D:8)
  6 bullfrogs
  2 vampire bats (D:8)
  5 howler monkeys
  5 crimson imps
  2 bullfrog zombies (D:8)
  4 hounds
  14 orc wizards
  8 orc priests
  A bullfrog skeleton (D:8)
  3 iguanas
  8 worker ants
  Natasha (thrice) (D:2)
  A hound zombie (D:5)
  A hound skeleton (D:4)
  4 gnolls
  9 adders
  A shadow imp (D:7)
  An ooze (D:3)
  An adder zombie (D:7)
  4 worms
  A dart slug (D:1)
  A leopard gecko (D:6)
  54 orcs
  3 bats
  2 bat skeletons (D:8)
  4 bat zombies (D:8)
  5 giant cockroaches
  9 goblins
  7 hobgoblins
  2 jackals (D:4)
  27 kobolds
  4 quokkas
  4 frilled lizards
  A quokka skeleton (D:4)
  A quokka zombie (D:7)
  5 rats
272 creatures vanquished.

Vanquished Creatures (others)
  A bullfrog skeleton (D:6)
  2 orcs
  2 jackals (D:6)
5 creatures vanquished.

Grand Total: 277 creatures vanquished

Notes
Turn   | Place    | Note
-------+----------+-------------------------------------------
     0 | D:1      | Auros the Minotaur Fighter began the quest for the Orb.
     0 | D:1      | Reached XP level 1. HP: 19/19 MP: 0/0
   112 | D:1      | Reached XP level 2. HP: 27/27 MP: 1/1
   119 | D:1      | You fall through a shaft!
   174 | D:2      | Noticed Natasha
   180 | D:2      | Noticed a crimson imp
   187 | D:2      | Killed Natasha
   187 | D:2      | Reached skill level 1 in Dodging
   187 | D:2      | Reached XP level 3. HP: 20/33 MP: 2/2
   388 | D:2      | Noticed Natasha
   398 | D:2      | Killed Natasha
   557 | D:2      | Reached XP level 4. HP: 40/40 MP: 3/3
   895 | D:2      | Noticed Natasha
   902 | D:2      | Killed Natasha
  1151 | D:3      | Noticed a phantom
  1171 | D:3      | Killed a phantom
  1171 | D:3      | Reached skill level 5 in Maces & Flails
  1171 | D:3      | Reached XP level 5. HP: 27/46 MP: 4/4
  1588 | D:3      | Found a white marble altar of Elyvilon.
  2019 | D:3      | Reached XP level 6. HP: 50/52 MP: 5/5
  2076 | D:4      | Noticed Grinder
  2077 | D:4      | Found a staircase to the Ecumenical Temple.
  2082 | D:4      | Paralysed by Grinder for 5 turns
  2096 | Temple   | Entered the Ecumenical Temple
  2307 | Temple   | Became a worshipper of Warmaster Okawaru
  2343 | D:4      | Killed Grinder
  2343 | D:4      | Reached XP level 7. HP: 43/58 MP: 6/6
  2500 | D:4      | Reached * piety under Okawaru
  2995 | D:5      | Entered Level 5 of the Dungeon
  3239 | D:4      | Reached ** piety under Okawaru
  3286 | D:5      | Reached XP level 8. HP: 67/67 MP: 7/7
  3303 | D:5      | Gained mutation: Your body sometimes deteriorates upon taking damage. [potion of mutation]
  3303 | D:5      | Gained mutation: You are partially covered in iridescent scales. (AC +2) [potion of mutation]
  3303 | D:5      | Gained mutation: You occasionally shout uncontrollably at your foes. [potion of mutation]
  3303 | D:5      | Gained mutation: Your mind is acute. (Int +2) [potion of mutation]
  3311 | D:5      | Reached skill level 5 in Dodging
  3595 | D:5      | Noticed BaronVonScrub's ghost (amateur CeHu)
  3608 | D:5      | Killed BaronVonScrub's ghost
  3608 | D:5      | Reached skill level 5 in Fighting
  3608 | D:5      | Reached skill level 5 in Shields
  3627 | D:5      | Reached skill level 1 in Invocations
  3665 | D:5      | Reached skill level 5 in Armour
  4333 | D:6      | Noticed Sigmund
  4349 | D:6      | Killed Sigmund
  4395 | D:6      | Noticed Eustachio
  4436 | D:6      | Killed Eustachio
  4436 | D:6      | Reached XP level 9. HP: 75/75 MP: 6/9
  4535 | D:6      | Reached skill level 10 in Maces & Flails
  4539 | D:6      | Found a shimmering altar of Xom.
  4540 | D:6      | Found a deep blue altar of Sif Muna.
  4540 | D:6      | Found a hazy altar of Hepliaklqana.
  4541 | D:6      | Found a glowing silver altar of Zin.
  4599 | D:6      | Reached *** piety under Okawaru
  5279 | D:7      | Found the +9 heavy crossbow "Sniper" {velocity, Acc+∞ SInv}
  5338 | D:7      | Reached skill level 1 in Crossbows
  5535 | D:7      | Reached skill level 2 in Crossbows
  5631 | D:7      | Reached skill level 3 in Crossbows
  5768 | D:7      | Reached skill level 4 in Crossbows
  6029 | D:7      | Found a sparkling altar of Nemelex Xobeh.
  6189 | D:7      | Reached skill level 5 in Crossbows
  6223 | D:8      | Reached **** piety under Okawaru
  6223 | D:8      | Reached skill level 6 in Crossbows
  6347 | D:8      | Found a bloodstained altar of Trog.
  6468 | D:8      | Found a glowing golden altar of the Shining One.
  6512 | D:8      | Reached skill level 7 in Crossbows
  7460 | D:8      | Found an ancient bone altar of Kikubaaqudgha.
  7740 | D:9      | Noticed NervFog's ghost (journeyman TeAE)
  7745 | D:9      | Killed NervFog's ghost
  7745 | D:9      | Received a gift from Okawaru
  7745 | D:9      | Reached skill level 8 in Crossbows
  7745 | D:9      | Reached XP level 10. HP: 80/83 MP: 11/11
  7835 | D:9      | Reached skill level 9 in Crossbows
  8232 | D:9      | Got a jewelled leather armour
  8263 | D:9      | Got a pair of shimmering gloves
  8269 | D:9      | Identified the cursed -5 pair of gloves of Meot {rPois} (You found it on level 9 of the Dungeon)
  8279 | D:9      | Identified the +2 leather armour of Jaelairgh {*Slow +Inv rElec Stlth+} (You found it on level 9 of the Dungeon)
  8341 | D:9      | Reached skill level 10 in Crossbows
  8354 | D:8      | Received a gift from Okawaru
  8536 | D:8      | Reached ***** piety under Okawaru
  8997 | D:9      | Reached skill level 11 in Crossbows
  9111 | D:9      | Found a staircase to the Orcish Mines.
  9118 | Orc:1    | Entered Level 1 of the Orcish Mines
  9223 | Orc:2    | Entered Level 2 of the Orcish Mines
  9223 | Orc:2    | Found Hozevi Ehui's Gadget Emporium.
  9223 | Orc:2    | Noticed Josephine
  9227 | Orc:1    | Received a gift from Okawaru
  9235 | Orc:1    | Got a bloodstained crystal plate armour {god gift}
  9246 | Orc:1    | Identified the +6 crystal plate armour of Lilacs {rF+ Regen+ Str+2} (Okawaru gifted it to you on level 1 of the Orcish Mines)
  9247 | Orc:2    | Noticed a two-headed ogre
  9247 | Orc:2    | Noticed a two-headed ogre
  9256 | Orc:2    | Noticed a two-headed ogre
  9323 | D:9      | Killed a two-headed ogre
  9323 | D:9      | Reached skill level 12 in Crossbows
  9375 | Orc:1    | Killed a two-headed ogre
  9375 | Orc:1    | Reached XP level 11. HP: 86/89 MP: 12/12
  9431 | Orc:2    | Noticed a two-headed ogre
  9486 | Orc:1    | Killed Josephine
  9486 | Orc:1    | Reached skill level 13 in Crossbows
  9553 | Orc:2    | Noticed a two-headed ogre
  9557 | Orc:1    | Killed a two-headed ogre
  9570 | Orc:1    | Killed a two-headed ogre
  9648 | Orc:2    | Noticed a two-headed ogre
  9650 | Orc:2    | Noticed an ogre mage
  9652 | Orc:2    | Noticed an ogre mage
  9652 | Orc:2    | Killed an ogre mage
  9652 | Orc:2    | Received a gift from Okawaru
  9652 | Orc:2    | Reached skill level 14 in Crossbows
  9655 | Orc:2    | Killed a two-headed ogre
  9655 | Orc:2    | Received a gift from Okawaru
  9656 | Orc:2    | Noticed a two-headed ogre
  9658 | Orc:2    | Noticed an ogre mage
  9658 | Orc:2    | Killed an ogre mage
  9659 | Orc:2    | Noticed a two-headed ogre
  9663 | Orc:2    | Killed a two-headed ogre
  9663 | Orc:2    | Received a gift from Okawaru
  9666 | Orc:2    | Killed a two-headed ogre
  9669 | Orc:2    | Killed from afar by an ogre mage

Vault maps used:
D:1:      saegor_arrival_under_anarchy
D:2:      uniq_natasha
D:3:      elyvilon_altar_3
D:4:      minmay_temple_entry_junction_2, minmay_bent, uniq_grinder
D:5:      first_ration
D:6:      chequers_temple_overflow_statue_of_worship, serial_park_tiny_2,
          minmay_liquid_box, minmay_misc_feat_four_crosses,
          lemuel_flamethrower_2, uniq_eustachio, uniq_sigmund
D:7:      corexii_shack_village, kennysheep_little_box
D:8:      overflow_temple_1_default, overflow_temple_1_default,
          kennysheep_vampire_church, hangedman_decor_lopped
D:9:      hiddenorc1_lemuel, hangedman_fish_farm, minivault_11
Temple:   nicolae_temple_figure_eight
Orc:1:    uniq_fannar, uniq_urug
Orc:2:    st_orc_ogre_mass, serial_shops, shop, lemuel_statue_altar,
          uniq_josephine

Skill      XL: |  1  2  3  4  5  6  7  8  9 10 11 |
---------------+----------------------------------+-----
Shields        | 4 5 6 |  6.5
Maces & Flails | 3 4 5 6 7 8 9 10 | 10.3
Dodging        | 1 2 3 4 5 6 |  6.4
Fighting       | 4 5 6 7 |  7.3
Armour         | 4 5 6 |  6.2
Invocations    | 2 3 4 |  4.3
Crossbows      | 8 12 14 | 14.2

Action                   |  1- 3 |  4- 6 |  7- 9 | 10-12 || total
-------------------------+-------+-------+-------+-------++-------
Melee: Flail             |    47 |   116 |   401 |    44 ||   608
       Headbutt          |    10 |    24 |    68 |    11 ||   113
 Fire: Heavy crossbow    |       |       |    25 |   108 ||   133
Throw: Stone             |       |       |     2 |       ||     2
Invok: Heroism           |       |       |     3 |     3 ||     6
       Finesse           |       |       |       |     3 ||     3
  Use: Scroll            |       |     3 |     6 |     2 ||    11
       Potion            |       |     2 |     3 |       ||     5
  Eat: Chunk             |       |     5 |    20 |     6 ||    31
Armor: Scale mail        |    21 |    49 |    15 |       ||    85
       Chain mail        |       |       |   140 |       ||   140
       Plate armour      |       |       |    70 |    47 ||   117
       Crystal plate arm |       |       |       |    95 ||    95
       Leather armour    |       |       |       |    12 ||    12
Dodge: Dodged            |    11 |    39 |   148 |    69 ||   267
Block: Shield            |    19 |    62 |   148 |       ||   229

Table legend:
 A = Spawn XP
 B = Non-spawn XP
 C = Spawn XP percentage of total XP
 D = Spawn monster count
 E = Non-spawn monster count
 F = Spawn count percentage of total count
 G = Total turns spent on level
                    A         B        C        D         E        F      G
               +---------+---------+-------+---------+---------+-------+---------
         Total |       0 |   20985 |   0.0 |       0 |     272 |   0.0 |  9669
               +---------+---------+-------+---------+---------+-------+---------
           D:1 |       0 |      12 |   0.0 |       0 |       6 |   0.0 |   119
           D:2 |       0 |     122 |   0.0 |       0 |      12 |   0.0 |   912
           D:3 |       0 |     272 |   0.0 |       0 |      30 |   0.0 |   989
           D:4 |       0 |    1001 |   0.0 |       0 |      36 |   0.0 |   998
           D:5 |       0 |     698 |   0.0 |       0 |      14 |   0.0 |   962
           D:6 |       0 |    1132 |   0.0 |       0 |      22 |   0.0 |   917
           D:7 |       0 |    1082 |   0.0 |       0 |      35 |   0.0 |  1065
           D:8 |       0 |    1741 |   0.0 |       0 |      48 |   0.0 |  1945
           D:9 |       0 |    4169 |   0.0 |       0 |      38 |   0.0 |  1069
         Orc:1 |       0 |    5292 |   0.0 |       0 |      18 |   0.0 |   410
         Orc:2 |       0 |    5464 |   0.0 |       0 |      13 |   0.0 |    46
               +---------+---------+-------+---------+---------+-------+---------
